 Dungeon Crawl Stone Soup version 0.22.1-1-ga44c0e5 (webtiles) character file.

2 MalarOregon the Insei (level 1, 0/15 HPs)
             Began as a Merfolk Transmuter on Nov 12, 2018.
             Slain by a hobgoblin
             ... wielding a +0 club
              (3 damage)
             ... on level 1 of the Dungeon.
             The game lasted 00:00:35 (49 turns).

MalarOregon the Insei (Merfolk Transmuter)            Turns: 49, Time: 00:00:35

Health: 0/15       AC:  2    Str: 10    XL:     1   Next: 40%
Magic:  2/3        EV: 13    Int: 12    God:
Gold:   0          SH:  0    Dex: 14    Spells: 3/4 levels left

rFire    . . .     SeeInvis .     - Unarmed
rCold    . . .     Gourm    .   (no shield)
rNeg     . . .     Faith    .   b - +0 robe
rPois    .         Spirit   .   (no helmet)
rElec    .         Reflect  .   (no cloak)
rCorr    .         Harm     .   (no gloves)
MR       .....                  (no boots)
Stlth    +.........             (no amulet)
HPRegen  0.05/turn              (no ring)
MPRegen  0.08/turn              (no ring)

@: appendage
A: change form in water, swift swim, stealthy swim, horns 2
a: End Transformation


You were on level 1 of the Dungeon.
You were not hungry.
You had grown temporary horns.
You visited 1 branch of the dungeon, and saw 1 of its levels.

Inventory:

Missiles
 a - 12 arrows
Armour
 b - a +0 robe (worn)
Comestibles
 e - a ration {!d}


   Skills:
 + Level 1.2 Fighting
 + Level 2.7 Dodging
 + Level 3.3 Unarmed Combat
 + Level 2.0 Spellcasting
 + Level 2.7 Transmutations


You had 3 spell levels left.
You knew the following spells:

 Your Spells              Type           Power        Failure   Level  Hunger
a - Beastly Appendage     Tmut           #.....       9%          1    ##.....

Your spell library contained the following spells:

 Spells                   Type           Power        Failure   Level  Hunger
 Sticks to Snakes         Tmut           #.......     13%         2    ###....
 Spider Form              Tmut/Pois      #.........   43%         3    ####...
 Ice Form                 Ice/Tmut       #.......     83%         4    #####..
 Blade Hands              Tmut           #.........   94%         5    ######.


Dungeon Overview and Level Annotations

Branches:
Dungeon (1/15)

Altars:


Innate Abilities, Weirdness & Mutations

You revert to your normal form in water.
You are very nimble and swift while swimming.
You are very stealthy in the water. (Stealth+)
You have a pair of horns on your head.


Message History

Your transformation is almost over.
Things that are here:
a dagger; a kobold corpse No target in view!
The kobold is too close now for your liking.
You barely miss the kobold. The kobold barely misses you.
You closely miss the kobold. The kobold hits you.
You barely miss the kobold. Your headbutt misses the kobold.
The kobold hits you.
A kobold comes into view. It is wielding a whip.
You barely miss the kobold. The kobold barely misses you.
The kobold shouts!
You hit the kobold but do no damage. Your headbutt misses the kobold.
The kobold hits you.
You hit the kobold.
You kill the kobold!
Found 16 gold pieces.
Your horns disappear.
You grow a pair of large bovine horns.
The kobold closely misses you.
You closely miss the kobold. Your headbutt misses the kobold.
Your transformation is almost over.
The kobold closely misses you.
You hit the kobold. You headbutt the kobold.
You kill the kobold!
Things that are here:
a dagger; a kobold corpse The kobold corpse isn't edible.
Found a short sword.
c - a scroll labeled QEAKLI AXUTZ Your horns disappear.
As you read the scroll labeled QEAKLI AXUTZ, it crumbles to dust.
You feel strangely unstable.
It was a scroll of teleportation.
You start resting.
You start resting.
Your surroundings suddenly seem different.
A rat comes into view.
Found 13 gold pieces and a short sword.
A frilled lizard, a goblin and a hobgoblin come into view.
You grow a pair of large bovine horns.
The hobgoblin shouts!
The goblin shouts!
You barely miss the hobgoblin.
The frilled lizard hisses angrily.
Your punch misses the hobgoblin.
A rat comes into view.
The teleport trap disappears.
The rat disappears!
The rat reappears nearby!
The hobgoblin hits you with a club!
* * * LOW HITPOINT WARNING * * *
You hit the hobgoblin. The hobgoblin barely misses you.
You hit the hobgoblin but do no damage. The hobgoblin hits you with a club.
You die...

..... ....#
#.... )...#
##....####....##
............r...
#
................
.
.........gl.....
#
.......r........
.
................
.......@..######
......g.$.#
.............
..............#
..............#
...#...........
..
...#..........#
.. ..
#..........# ..


You could see a hobgoblin, a goblin, a frilled lizard and 2 rats.

Vanquished Creatures
  3 kobolds (D:1)
3 creatures vanquished.

Notes
Turn   | Place    | Note
-------+----------+-------------------------------------------
     0 | D:1      | MalarOregon the Merfolk Transmuter began the quest for the
                  | Orb.
     0 | D:1      | Reached XP level 1. HP: 15/15 MP: 3/3
    49 | D:1      | Slain by a hobgoblin

Action                   || total
-------------------------++-------
Melee: Unarmed           ||    13
       Headbutt          ||     1
 Cast: Beastly Appendage ||     3
  Use: Scroll            ||     1
Dodge: Dodged            ||     6
